Oilers vs Hurricanes

Created - November 14 2007 at 19:18

Goals
1 2 3 T
Oilers 0 2 0 2
Hurricanes 0 1 0 1
Shots
1 2 3 T
Oilers 13 15 14 42
Hurricanes 6 6 10 22

Period #1

No Goal

Penalties :
Sergei Gonchar (CAR) for Interference (Minor) at 4:09, Marc-Antoine Pouliot (EDM) for Interference (Minor) at 4:09, Sergei Gonchar (CAR) for Roughing (Minor) at 8:29, Erik Cole (CAR) for Tripping (Minor) at 11:44, Jaroslav Spacek (EDM) for Tripping (Minor) at 11:44

Period #2

1. Oilers , Petr Sykora 10 (Ryan Smyth, Jaroslav Spacek) at 16:40
2. Hurricanes , Ray Whitney 10 (Mikko Koivu) at 17:28
3. Oilers , Alexander Perezhogin 1 (Nicklas Lidstrom, Marty Reasoner) at 17:48

Penalties :
Sergei Gonchar (CAR) for Boarding (Minor) at 0:40, Cory Stillman (CAR) for Holding Stick (Minor) at 4:33, Pavol Demitra (CAR) for Tripping (Minor) at 7:35

Period #3

No Goal

Penalties :
Sergei Gonchar (CAR) for Interference (Minor) at 3:12

Goalie Stats

Jussi Markkanen (EDM), 21 saves from 22 shots - (0.955), W, 1-2-0, 60:00 minutes
Cristobal Huet (CAR), 40 saves from 42 shots - (0.952), L, 7-5-0, 59:32 minutes

Players Stats

Oilers
Player Name              G  A  P  +/- PIM S  H  SB FO MP 
-----------------------------------------------------------
Alexander Perezhogin     1  0  1   1  0   3  0  0  3  16 
Daniel Tjarnqvist        0  0  0   1  0   0  0  0  0  20 
Danny Syvret             0  0  0   0  0   0  0  0  0  16 
Ethan Moreau             0  0  0   0  0   1  0  0  0  8  
Fernando Pisani          0  0  0   1  0   3  0  0  0  16 
Francis Bouillon         0  0  0   0  0   1  1  0  0  19 
Jaroslav Spacek          0  1  1   0  2   3  0  1  0  22 
Marc-Antoine Pouliot     0  0  0   0  2   1  2  0  9  8  
Marty Reasoner           0  1  1   1  0   2  0  0  16 17 
Nicklas Lidstrom         0  1  1   1  0   2  1  0  0  24 
Patrick Thoresen         0  0  0   0  0   0  0  0  0  8  
Petr Sykora              1  0  1   0  0   7  0  0  2  20 
Pierre-Marc Bouchard     0  0  0   0  0   4  0  0  0  18 
Raffi Torres             0  0  0   0  0   1  0  0  1  16 
Ryan Smyth               0  1  1   0  0   5  1  0  0  22 
Saku Koivu               0  0  0   0  0   4  2  0  24 19 
Shawn Horcoff            0  0  0   0  0   4  0  0  32 22 
Steve Staios             0  0  0   0  0   1  0  0  0  23 
Hurricanes
Player Name              G  A  P  +/- PIM S  H  SB FO MP 
-----------------------------------------------------------
Aaron Miller             0  0  0   0  0   0  0  0  0  22 
Aaron Ward               0  0  0  -1  0   0  2  1  0  22 
Brendan Morrison         0  0  0   0  0   4  0  0  18 18 
Brent Sopel              0  0  0   0  0   1  1  1  0  20 
Chris Gratton            0  0  0   0  0   0  2  0  0  6  
Cory Stillman            0  0  0   0  2   3  1  2  2  17 
Eric Belanger            0  0  0   0  0   0  0  0  17 11 
Eric Staal               0  0  0   0  0   1  0  0  12 16 
Erik Cole                0  0  0   0  2   0  2  0  0  12 
Joe Corvo                0  0  0   0  0   0  0  0  0  18 
Kevin Bieksa             0  0  0   0  0   0  1  4  0  22 
Ladislav Nagy            0  0  0   0  0   0  0  0  0  15 
Mikko Koivu              0  1  1  -1  0   2  0  1  36 22 
Pavol Demitra            0  0  0  -1  2   3  0  0  0  19 
Ray Whitney              1  0  1  -1  0   5  0  0  1  17 
Sergei Gonchar           0  0  0  -1  8   0  2  0  0  21 
Shawn Bates              0  0  0   0  0   1  0  0  0  11 
Tom Kostopoulos          0  0  0   0  0   2  0  0  1  17 

3 Stars

1 - Jussi Markkanen (EDM)
2 - Cristobal Huet (CAR)
3 - Alexander Perezhogin (EDM)

Power Play

Oilers - 0 on 5 Attempt(s) - 0.00%
Hurricanes - 0 on 0 Attempt(s) - 0.00%

Penalty Kill

Oilers - 0 on 0 Attempt(s) - 0.00% - Score 0 goal in Penalty Kill
Hurricanes - 5 on 5 Attempt(s) - 100.00% - Score 0 goal in Penalty Kill

Game Notes

No Game Note

Finance

Level 1 -- Attendance: 3701 (61.68%) -- Ticket Income $351,595.00
Level 2 -- Attendance: 4441 (82.54%) -- Ticket Income $244,255.00
Level 3 -- Attendance: 1578 (67.17%) -- Ticket Income $55,230.00
Level 4 -- Attendance: 3773 (94.32%) -- Ticket Income $75,460.00
Luxury Box -- Attendance: 852 (85.16%) -- Ticket Income $166,140.00
Game was played at the RBC Center
Total Attendance: 14345 (76.59%)
Total Ticket Income: $980,413.00
Other Income: $162,545.70
Total Income: $1,142,959.00


Play by Play

Period #1

0:01 of 1st period - Mikko Koivu wins face-off versus Saku Koivu in neutral zone.
0:49 of 1st period - Icing by Sergei Gonchar.
0:50 of 1st period - Shawn Horcoff wins face-off versus Mikko Koivu in Hurricanes zone.
1:10 of 1st period - Shot by Ryan Smyth.
1:10 of 1st period - Stopped by Cristobal Huet with a rebound.
1:14 of 1st period - Shot by Petr Sykora.
1:14 of 1st period - Shot Misses the Net.
1:37 of 1st period - Icing by Shawn Horcoff.
1:38 of 1st period - Shawn Horcoff wins face-off versus Brendan Morrison in Oilers zone.
1:57 of 1st period - Icing by Tom Kostopoulos.
1:58 of 1st period - Brendan Morrison wins face-off versus Alexander Perezhogin in Hurricanes zone.
2:05 of 1st period - Shot by Fernando Pisani.
2:05 of 1st period - Stopped by Cristobal Huet without a rebound.
2:06 of 1st period - Eric Staal wins face-off versus Saku Koivu in Hurricanes zone.
2:38 of 1st period - Pierre-Marc Bouchard is hit by Erik Cole and loses puck.
2:45 of 1st period - Shot by Saku Koivu.
2:45 of 1st period - Stopped by Cristobal Huet with a rebound.
2:47 of 1st period - Shot by Nicklas Lidstrom.
2:47 of 1st period - Shot Blocked by Kevin Bieksa.
3:29 of 1st period - Shot by Fernando Pisani.
3:29 of 1st period - Stopped by Cristobal Huet with a rebound.
3:33 of 1st period - Shot by Marty Reasoner.
3:33 of 1st period - Shot Misses the Net.
3:38 of 1st period - Icing by Brendan Morrison.
3:39 of 1st period - Shawn Horcoff wins face-off versus Brendan Morrison in Hurricanes zone.
3:40 of 1st period - Shot by Petr Sykora.
3:40 of 1st period - Stopped by Cristobal Huet with a rebound.
3:44 of 1st period - Shot by Shawn Horcoff.
3:44 of 1st period - Stopped by Cristobal Huet without a rebound.
3:45 of 1st period - Marc-Antoine Pouliot wins face-off versus Mikko Koivu in Hurricanes zone.
4:09 of 1st period - Minor Penalty to Sergei Gonchar for Interference.
4:09 of 1st period - Minor Penalty to Marc-Antoine Pouliot for Interference.
4:10 of 1st period - Eric Staal wins face-off versus Shawn Horcoff in Oilers zone.
4:19 of 1st period - Shot by Eric Staal.
4:19 of 1st period - Shot Misses the Net.
4:43 of 1st period - Icing by Joe Corvo.
4:44 of 1st period - Eric Staal wins face-off versus Saku Koivu in Hurricanes zone.
5:37 of 1st period - Shot by Shawn Horcoff.
5:37 of 1st period - Shot Misses the Net.
5:39 of 1st period - Shot by Jaroslav Spacek.
5:39 of 1st period - Stopped by Cristobal Huet without a rebound.
5:40 of 1st period - Shawn Horcoff wins face-off versus Eric Staal in Hurricanes zone.
6:21 of 1st period - Shot by Brendan Morrison.
6:21 of 1st period - Shot Misses the Net.
6:23 of 1st period - Shot by Brent Sopel.
6:23 of 1st period - Stopped by Jussi Markkanen without a rebound.
6:24 of 1st period - Mikko Koivu wins face-off versus Marty Reasoner in Oilers zone.
6:52 of 1st period - Shot by Fernando Pisani.
6:52 of 1st period - Stopped by Cristobal Huet without a rebound.
6:53 of 1st period - Cory Stillman wins face-off versus Saku Koivu in Hurricanes zone.
7:02 of 1st period - Shot by Brendan Morrison.
7:02 of 1st period - Shot Misses the Net.
7:06 of 1st period - Shot by Cory Stillman.
7:06 of 1st period - Shot Misses the Net.
7:08 of 1st period - Shot by Brent Sopel.
7:08 of 1st period - Shot Misses the Net.
7:20 of 1st period - Shot by Pierre-Marc Bouchard.
7:20 of 1st period - Shot Misses the Net.
8:29 of 1st period - Minor Penalty to Sergei Gonchar for Roughing.
8:30 of 1st period - Mikko Koivu wins face-off versus Saku Koivu in Oilers zone.
8:46 of 1st period - Off-side.
8:47 of 1st period - Eric Belanger wins face-off versus Saku Koivu in neutral zone.
9:16 of 1st period - Shot by Pierre-Marc Bouchard.
9:16 of 1st period - Shot Misses the Net.
10:03 of 1st period - Icing by Jaroslav Spacek.
10:04 of 1st period - Mikko Koivu wins face-off versus Shawn Horcoff in Oilers zone.
10:11 of 1st period - Shot by Pavol Demitra.
10:11 of 1st period - Stopped by Jussi Markkanen without a rebound.
10:12 of 1st period - Eric Belanger wins face-off versus Saku Koivu in Oilers zone.
10:31 of 1st period - Shot by Saku Koivu.
10:31 of 1st period - Stopped by Cristobal Huet with a rebound.
10:33 of 1st period - Shot by Francis Bouillon.
10:33 of 1st period - Stopped by Cristobal Huet without a rebound.
10:34 of 1st period - Alexander Perezhogin wins face-off versus Brendan Morrison in Hurricanes zone.
10:35 of 1st period - Shot by Fernando Pisani.
10:35 of 1st period - Shot Misses the Net.
11:44 of 1st period - Minor Penalty to Erik Cole for Tripping.
11:44 of 1st period - Minor Penalty to Jaroslav Spacek for Tripping.
11:45 of 1st period - Mikko Koivu wins face-off versus Saku Koivu in Oilers zone.
11:52 of 1st period - Shot by Ray Whitney.
11:52 of 1st period - Shot Misses the Net.
11:56 of 1st period - Shot by Mikko Koivu.
11:56 of 1st period - Shot Misses the Net.
12:08 of 1st period - Shot by Pierre-Marc Bouchard.
12:08 of 1st period - Stopped by Cristobal Huet without a rebound.
12:09 of 1st period - Eric Staal wins face-off versus Saku Koivu in Hurricanes zone.
12:38 of 1st period - Shot by Pierre-Marc Bouchard.
12:38 of 1st period - Stopped by Cristobal Huet with a rebound.
13:47 of 1st period - Shot by Cory Stillman.
13:47 of 1st period - Stopped by Jussi Markkanen with a rebound.
14:03 of 1st period - Shot by Cory Stillman.
14:03 of 1st period - Stopped by Jussi Markkanen without a rebound.
14:04 of 1st period - Mikko Koivu wins face-off versus Marty Reasoner in Oilers zone.
14:17 of 1st period - Shot by Pavol Demitra.
14:17 of 1st period - Stopped by Jussi Markkanen with a rebound.
15:20 of 1st period - Shot by Shawn Horcoff.
15:20 of 1st period - Deflect By Petr Sykora.
15:20 of 1st period - Stopped by Cristobal Huet without a rebound.
15:21 of 1st period - Brendan Morrison wins face-off versus Shawn Horcoff in Hurricanes zone.
15:27 of 1st period - Off-side.
15:28 of 1st period - Eric Staal wins face-off versus Shawn Horcoff in neutral zone.
16:20 of 1st period - Shot by Tom Kostopoulos.
16:20 of 1st period - Shot Hit the Post.
16:29 of 1st period - Tom Kostopoulos is hit by Ryan Smyth and loses puck.
16:32 of 1st period - Shot by Brendan Morrison.
16:32 of 1st period - Stopped by Jussi Markkanen without a rebound.
16:33 of 1st period - Marty Reasoner wins face-off versus Mikko Koivu in Oilers zone.
16:37 of 1st period - Off-side.
16:38 of 1st period - Ray Whitney wins face-off versus Marty Reasoner in neutral zone.
17:01 of 1st period - Icing by Aaron Ward.
17:02 of 1st period - Mikko Koivu wins face-off versus Saku Koivu in Hurricanes zone.
17:02 of 1st period - Ray Whitney is hit by Nicklas Lidstrom and loses puck.
17:26 of 1st period - Ray Whitney is hit by Saku Koivu and loses puck.
18:24 of 1st period - Icing by Daniel Tjarnqvist.
18:25 of 1st period - Marty Reasoner wins face-off versus Eric Staal in Oilers zone.
18:51 of 1st period - Off-side.
18:52 of 1st period - Shawn Horcoff wins face-off versus Mikko Koivu in neutral zone.
19:14 of 1st period - Shot by Ray Whitney.
19:14 of 1st period - Shot Misses the Net.
19:51 of 1st period - Icing by Sergei Gonchar.
19:52 of 1st period - Marty Reasoner wins face-off versus Mikko Koivu in Hurricanes zone.

Period #2

0:01 of 2nd period - Mikko Koivu wins face-off versus Saku Koivu in neutral zone.
0:39 of 2nd period - Saku Koivu is hit by Aaron Ward and loses puck.
0:40 of 2nd period - Minor Penalty to Sergei Gonchar for Boarding.
0:41 of 2nd period - Shawn Horcoff wins face-off versus Eric Belanger in Hurricanes zone.
0:42 of 2nd period - Shot by Ryan Smyth.
0:42 of 2nd period - Deflect By Petr Sykora.
0:42 of 2nd period - Stopped by Cristobal Huet without a rebound.
0:43 of 2nd period - Eric Belanger wins face-off versus Shawn Horcoff in Hurricanes zone.
1:46 of 2nd period - Shot by Saku Koivu.
1:46 of 2nd period - Deflect By Raffi Torres.
1:46 of 2nd period - Shot Misses the Net.
2:29 of 2nd period - Off-side.
2:30 of 2nd period - Shawn Horcoff wins face-off versus Eric Belanger in neutral zone.
3:32 of 2nd period - Icing by Brent Sopel.
3:33 of 2nd period - Brendan Morrison wins face-off versus Marc-Antoine Pouliot in Hurricanes zone.
3:37 of 2nd period - Off-side.
3:38 of 2nd period - Marc-Antoine Pouliot wins face-off versus Mikko Koivu in neutral zone.
4:22 of 2nd period - Icing by Nicklas Lidstrom.
4:23 of 2nd period - Marc-Antoine Pouliot wins face-off versus Brendan Morrison in Oilers zone.
4:33 of 2nd period - Minor Penalty to Cory Stillman for Holding Stick.
4:34 of 2nd period - Eric Belanger wins face-off versus Shawn Horcoff in neutral zone.
4:47 of 2nd period - Shot by Ryan Smyth.
4:47 of 2nd period - Stopped by Cristobal Huet without a rebound.
4:48 of 2nd period - Shawn Horcoff wins face-off versus Eric Belanger in Hurricanes zone.
5:39 of 2nd period - Shot by Pierre-Marc Bouchard.
5:39 of 2nd period - Stopped by Cristobal Huet without a rebound.
5:40 of 2nd period - Saku Koivu wins face-off versus Mikko Koivu in Hurricanes zone.
6:24 of 2nd period - Off-side.
6:25 of 2nd period - Eric Belanger wins face-off versus Shawn Horcoff in neutral zone.
6:45 of 2nd period - Shot by Alexander Perezhogin.
6:45 of 2nd period - Stopped by Cristobal Huet without a rebound.
6:46 of 2nd period - Marc-Antoine Pouliot wins face-off versus Eric Staal in Hurricanes zone.
7:11 of 2nd period - Off-side.
7:12 of 2nd period - Brendan Morrison wins face-off versus Petr Sykora in neutral zone.
7:30 of 2nd period - Icing by Jaroslav Spacek.
7:31 of 2nd period - Shawn Horcoff wins face-off versus Mikko Koivu in Oilers zone.
7:35 of 2nd period - Minor Penalty to Pavol Demitra for Tripping.
7:36 of 2nd period - Saku Koivu wins face-off versus Mikko Koivu in neutral zone.
8:35 of 2nd period - Icing by Petr Sykora.
8:36 of 2nd period - Eric Belanger wins face-off versus Shawn Horcoff in Oilers zone.
8:37 of 2nd period - Shot by Shawn Bates.
8:37 of 2nd period - Stopped by Jussi Markkanen with a rebound.
9:11 of 2nd period - Shot by Pierre-Marc Bouchard.
9:11 of 2nd period - Stopped by Cristobal Huet with a rebound.
9:13 of 2nd period - Shot by Nicklas Lidstrom.
9:13 of 2nd period - Stopped by Cristobal Huet without a rebound.
9:14 of 2nd period - Saku Koivu wins face-off versus Mikko Koivu in Hurricanes zone.
9:15 of 2nd period - Shot by Raffi Torres.
9:15 of 2nd period - Stopped by Cristobal Huet with a rebound.
9:19 of 2nd period - Shot by Saku Koivu.
9:19 of 2nd period - Shot Misses the Net.
9:33 of 2nd period - Shot by Pierre-Marc Bouchard.
9:33 of 2nd period - Shot Blocked by Kevin Bieksa.
9:35 of 2nd period - Shot by Nicklas Lidstrom.
9:35 of 2nd period - Stopped by Cristobal Huet with a rebound.
9:47 of 2nd period - Shot by Brendan Morrison.
9:47 of 2nd period - Stopped by Jussi Markkanen with a rebound.
10:18 of 2nd period - Francis Bouillon is hit by Sergei Gonchar and loses puck.
11:19 of 2nd period - Shot by Ethan Moreau.
11:19 of 2nd period - Stopped by Cristobal Huet without a rebound.
11:20 of 2nd period - Saku Koivu wins face-off versus Mikko Koivu in Hurricanes zone.
11:53 of 2nd period - Shot by Saku Koivu.
11:53 of 2nd period - Shot Blocked by Mikko Koivu.
12:25 of 2nd period - Shot by Fernando Pisani.
12:25 of 2nd period - Shot Misses the Net.
12:55 of 2nd period - Shot by Petr Sykora.
12:55 of 2nd period - Stopped by Cristobal Huet without a rebound.
12:56 of 2nd period - Marc-Antoine Pouliot wins face-off versus Eric Belanger in Hurricanes zone.
13:50 of 2nd period - Erik Cole is hit by Marc-Antoine Pouliot and loses puck.
14:29 of 2nd period - Shot by Cory Stillman.
14:29 of 2nd period - Shot Misses the Net.
14:33 of 2nd period - Shot by Brendan Morrison.
14:33 of 2nd period - Stopped by Jussi Markkanen without a rebound.
14:34 of 2nd period - Mikko Koivu wins face-off versus Petr Sykora in Oilers zone.
14:39 of 2nd period - Shot by Ray Whitney.
14:39 of 2nd period - Stopped by Jussi Markkanen without a rebound.
14:40 of 2nd period - Eric Belanger wins face-off versus Shawn Horcoff in Oilers zone.
14:51 of 2nd period - Shot by Chris Gratton.
14:51 of 2nd period - Shot Misses the Net.
15:30 of 2nd period - Icing by Kevin Bieksa.
15:31 of 2nd period - Eric Belanger wins face-off versus Marty Reasoner in Hurricanes zone.
15:50 of 2nd period - Shot by Brendan Morrison.
15:50 of 2nd period - Stopped by Jussi Markkanen without a rebound.
15:51 of 2nd period - Brendan Morrison wins face-off versus Marty Reasoner in Oilers zone.
16:02 of 2nd period - Brendan Morrison is hit by Francis Bouillon and loses puck.
16:18 of 2nd period - Icing by Aaron Miller.
16:19 of 2nd period - Shawn Horcoff wins face-off versus Brendan Morrison in Hurricanes zone.
16:22 of 2nd period - Shot by Ryan Smyth.
16:22 of 2nd period - Stopped by Cristobal Huet without a rebound.
16:23 of 2nd period - Shawn Horcoff wins face-off versus Mikko Koivu in Hurricanes zone.
16:28 of 2nd period - Shot by Ryan Smyth.
16:28 of 2nd period - Stopped by Cristobal Huet without a rebound.
16:29 of 2nd period - Shawn Horcoff wins face-off versus Mikko Koivu in Hurricanes zone.
16:40 of 2nd period - Shot by Petr Sykora.
16:40 of 2nd period - Goal by Petr Sykora - Oilers : 1 - Hurricanes : 0.
16:41 of 2nd period - Saku Koivu wins face-off versus Eric Staal in neutral zone.
17:03 of 2nd period - Saku Koivu is hit by Erik Cole and loses puck.
17:24 of 2nd period - Icing by Shawn Horcoff.
17:25 of 2nd period - Mikko Koivu wins face-off versus Shawn Horcoff in Oilers zone.
17:28 of 2nd period - Shot by Ray Whitney.
17:28 of 2nd period - Goal by Ray Whitney - Oilers : 1 - Hurricanes : 1.
17:29 of 2nd period - Marty Reasoner wins face-off versus Mikko Koivu in neutral zone.
17:44 of 2nd period - Shot by Alexander Perezhogin.
17:44 of 2nd period - Shot Misses the Net.
17:48 of 2nd period - Shot by Alexander Perezhogin.
17:48 of 2nd period - Goal by Alexander Perezhogin - Oilers : 2 - Hurricanes : 1.
17:49 of 2nd period - Shawn Horcoff wins face-off versus Tom Kostopoulos in neutral zone.
18:10 of 2nd period - Shot by Jaroslav Spacek.
18:10 of 2nd period - Shot Blocked by Cory Stillman.
18:18 of 2nd period - Shot by Petr Sykora.
18:18 of 2nd period - Stopped by Cristobal Huet with a rebound.
18:20 of 2nd period - Shot by Ryan Smyth.
18:20 of 2nd period - Deflect By Shawn Horcoff.
18:20 of 2nd period - Shot Misses the Net.
18:24 of 2nd period - Shot by Petr Sykora.
18:24 of 2nd period - Shot Misses the Net.
18:26 of 2nd period - Shot by Ryan Smyth.
18:26 of 2nd period - Shot Misses the Net.
19:51 of 2nd period - Ray Whitney is hit by Saku Koivu and loses puck.

Period #3

0:01 of 3rd period - Saku Koivu wins face-off versus Mikko Koivu in neutral zone.
0:36 of 3rd period - Shot by Mikko Koivu.
0:36 of 3rd period - Stopped by Jussi Markkanen without a rebound.
0:37 of 3rd period - Shawn Horcoff wins face-off versus Eric Staal in Oilers zone.
1:01 of 3rd period - Shot by Shawn Horcoff.
1:01 of 3rd period - Stopped by Cristobal Huet with a rebound.
1:03 of 3rd period - Shot by Jaroslav Spacek.
1:03 of 3rd period - Stopped by Cristobal Huet with a rebound.
1:07 of 3rd period - Shot by Ryan Smyth.
1:07 of 3rd period - Shot Misses the Net.
1:09 of 3rd period - Shot by Jaroslav Spacek.
1:09 of 3rd period - Shot Misses the Net.
1:13 of 3rd period - Shot by Jaroslav Spacek.
1:13 of 3rd period - Shot Blocked by Kevin Bieksa.
1:48 of 3rd period - Icing by Aaron Miller.
1:49 of 3rd period - Saku Koivu wins face-off versus Brendan Morrison in Hurricanes zone.
1:52 of 3rd period - Shot by Saku Koivu.
1:52 of 3rd period - Shot Misses the Net.
1:54 of 3rd period - Shot by Nicklas Lidstrom.
1:54 of 3rd period - Shot Hit the Post.
1:58 of 3rd period - Shot by Saku Koivu.
1:58 of 3rd period - Stopped by Cristobal Huet without a rebound.
1:59 of 3rd period - Marc-Antoine Pouliot wins face-off versus Mikko Koivu in Hurricanes zone.
2:13 of 3rd period - Shot by Mikko Koivu.
2:13 of 3rd period - Stopped by Jussi Markkanen without a rebound.
2:14 of 3rd period - Marty Reasoner wins face-off versus Eric Belanger in Oilers zone.
2:16 of 3rd period - Icing by Francis Bouillon.
2:17 of 3rd period - Brendan Morrison wins face-off versus Marty Reasoner in Oilers zone.
2:22 of 3rd period - Shot by Cory Stillman.
2:22 of 3rd period - Stopped by Jussi Markkanen without a rebound.
2:23 of 3rd period - Mikko Koivu wins face-off versus Shawn Horcoff in Oilers zone.
2:24 of 3rd period - Shot by Pavol Demitra.
2:24 of 3rd period - Shot Blocked by Jaroslav Spacek.
2:27 of 3rd period - Icing by Ryan Smyth.
2:28 of 3rd period - Shawn Horcoff wins face-off versus Brendan Morrison in Oilers zone.
2:47 of 3rd period - Shot by Shawn Horcoff.
2:47 of 3rd period - Stopped by Cristobal Huet with a rebound.
2:57 of 3rd period - Shot by Tom Kostopoulos.
2:57 of 3rd period - Stopped by Jussi Markkanen without a rebound.
2:58 of 3rd period - Saku Koivu wins face-off versus Mikko Koivu in Oilers zone.
2:58 of 3rd period - Nicklas Lidstrom is hit by Aaron Ward and loses puck.
3:12 of 3rd period - Minor Penalty to Sergei Gonchar for Interference.
3:13 of 3rd period - Eric Belanger wins face-off versus Raffi Torres in neutral zone.
3:41 of 3rd period - Shot by Saku Koivu.
3:41 of 3rd period - Shot Misses the Net.
3:45 of 3rd period - Shot by Saku Koivu.
3:45 of 3rd period - Stopped by Cristobal Huet without a rebound.
3:46 of 3rd period - Eric Belanger wins face-off versus Shawn Horcoff in Hurricanes zone.
4:09 of 3rd period - Daniel Tjarnqvist is hit by Kevin Bieksa and loses puck.
5:37 of 3rd period - Shot by Francis Bouillon.
5:37 of 3rd period - Shot Misses the Net.
5:40 of 3rd period - Marty Reasoner is hit by Sergei Gonchar and loses puck.
6:39 of 3rd period - Shot by Eric Staal.
6:39 of 3rd period - Shot Misses the Net.
8:18 of 3rd period - Ray Whitney is hit by Marc-Antoine Pouliot and loses puck.
8:31 of 3rd period - Shot by Pavol Demitra.
8:31 of 3rd period - Stopped by Jussi Markkanen without a rebound.
8:32 of 3rd period - Shawn Horcoff wins face-off versus Brendan Morrison in Oilers zone.
9:33 of 3rd period - Icing by Shawn Horcoff.
9:34 of 3rd period - Mikko Koivu wins face-off versus Shawn Horcoff in Oilers zone.
9:35 of 3rd period - Shot by Ray Whitney.
9:35 of 3rd period - Stopped by Jussi Markkanen without a rebound.
9:36 of 3rd period - Alexander Perezhogin wins face-off versus Mikko Koivu in Oilers zone.
9:41 of 3rd period - Shot by Marty Reasoner.
9:41 of 3rd period - Stopped by Cristobal Huet without a rebound.
9:42 of 3rd period - Mikko Koivu wins face-off versus Marty Reasoner in Hurricanes zone.
9:53 of 3rd period - Shot by Ray Whitney.
9:53 of 3rd period - Stopped by Jussi Markkanen without a rebound.
9:54 of 3rd period - Saku Koivu wins face-off versus Brendan Morrison in Oilers zone.
10:37 of 3rd period - Icing by Nicklas Lidstrom.
10:38 of 3rd period - Saku Koivu wins face-off versus Mikko Koivu in Oilers zone.
11:28 of 3rd period - Shot by Fernando Pisani.
11:28 of 3rd period - Shot Blocked by Aaron Ward.
11:42 of 3rd period - Shot by Petr Sykora.
11:42 of 3rd period - Stopped by Cristobal Huet without a rebound.
11:43 of 3rd period - Shawn Horcoff wins face-off versus Eric Staal in Hurricanes zone.
12:06 of 3rd period - Shot by Shawn Horcoff.
12:06 of 3rd period - Stopped by Cristobal Huet with a rebound.
12:10 of 3rd period - Shot by Petr Sykora.
12:10 of 3rd period - Deflect By Ryan Smyth.
12:10 of 3rd period - Shot Blocked by Kevin Bieksa.
12:12 of 3rd period - Shot by Jaroslav Spacek.
12:12 of 3rd period - Shot Misses the Net.
12:30 of 3rd period - Shot by Marc-Antoine Pouliot.
12:30 of 3rd period - Stopped by Cristobal Huet without a rebound.
12:31 of 3rd period - Brendan Morrison wins face-off versus Saku Koivu in Hurricanes zone.
13:03 of 3rd period - Saku Koivu is hit by Cory Stillman and loses puck.
13:18 of 3rd period - Shot by Marty Reasoner.
13:18 of 3rd period - Stopped by Cristobal Huet without a rebound.
13:19 of 3rd period - Eric Belanger wins face-off versus Marty Reasoner in Hurricanes zone.
14:06 of 3rd period - Icing by Danny Syvret.
14:07 of 3rd period - Shawn Horcoff wins face-off versus Mikko Koivu in Oilers zone.
14:56 of 3rd period - Shot by Pierre-Marc Bouchard.
14:56 of 3rd period - Shot Misses the Net.
14:58 of 3rd period - Shot by Steve Staios.
14:58 of 3rd period - Stopped by Cristobal Huet without a rebound.
14:59 of 3rd period - Cory Stillman wins face-off versus Marty Reasoner in Hurricanes zone.
15:06 of 3rd period - Shot by Tom Kostopoulos.
15:06 of 3rd period - Stopped by Jussi Markkanen without a rebound.
15:07 of 3rd period - Marc-Antoine Pouliot wins face-off versus Brendan Morrison in Oilers zone.
16:07 of 3rd period - Marty Reasoner is hit by Chris Gratton and loses puck.
16:13 of 3rd period - Icing by Kevin Bieksa.
16:14 of 3rd period - Eric Belanger wins face-off versus Shawn Horcoff in Hurricanes zone.
16:28 of 3rd period - Petr Sykora is hit by Chris Gratton and loses puck.
16:47 of 3rd period - Shot by Petr Sykora.
16:47 of 3rd period - Shot Hit the Post.
16:49 of 3rd period - Shot by Petr Sykora.
16:49 of 3rd period - Shot Misses the Net.
16:51 of 3rd period - Shot by Jaroslav Spacek.
16:51 of 3rd period - Stopped by Cristobal Huet with a rebound.
17:01 of 3rd period - Shot by Alexander Perezhogin.
17:01 of 3rd period - Stopped by Cristobal Huet without a rebound.
17:02 of 3rd period - Mikko Koivu wins face-off versus Marty Reasoner in Hurricanes zone.
17:18 of 3rd period - Off-side.
17:19 of 3rd period - Brendan Morrison wins face-off versus Saku Koivu in neutral zone.
17:43 of 3rd period - Saku Koivu is hit by Brent Sopel and loses puck.
17:54 of 3rd period - Shot by Pierre-Marc Bouchard.
17:54 of 3rd period - Shot Misses the Net.
18:38 of 3rd period - Shot by Marty Reasoner.
18:38 of 3rd period - Shot Blocked by Brent Sopel.
19:16 of 3rd period - Shot by Petr Sykora.
19:16 of 3rd period - Shot Blocked by Cory Stillman.
19:20 of 3rd period - Shot by Ryan Smyth.
19:20 of 3rd period - Stopped by Cristobal Huet without a rebound.
19:21 of 3rd period - Marc-Antoine Pouliot wins face-off versus Mikko Koivu in Hurricanes zone.
19:32 of 3rd period - Hurricanes, Cristobal Huet is pulled from the net.
19:34 of 3rd period - Shot by Ray Whitney.
19:34 of 3rd period - Stopped by Jussi Markkanen without a rebound.
19:35 of 3rd period - Eric Staal wins face-off versus Saku Koivu in Oilers zone.
19:56 of 3rd period - Shot by Eric Staal.
19:56 of 3rd period - Stopped by Jussi Markkanen without a rebound.
19:57 of 3rd period - Marty Reasoner wins face-off versus Mikko Koivu in Oilers zone.


Output by the SimonT Hockey Simulator (STHS) for Stephane Roy -- Original Page W3C XHTML 1.0 Valid